 Dungeon Crawl Stone Soup version 0.22-b1-21-g5cfc168 (webtiles) character file.

93 letownia2 the Insei (level 4, -2/32 HPs)
             Began as a Demonspawn Transmuter on Aug 3, 2018.
             Slain by an ogre
             ... wielding a +0 giant club
              (11 damage)
             ... on level 4 of the Dungeon.
             The game lasted 00:04:37 (908 turns).

letownia2 the Insei (Demonspawn Transmuter)          Turns: 908, Time: 00:04:37

Health: -2/32      AC:  5    Str: 12    XL:     4   Next: 37%
Magic:  0/7        EV: 11    Int: 14    God:
Gold:   93         SH:  0    Dex: 13    Spells: 1/7 levels left

rFire    . . .     SeeInvis .     - Unarmed
rCold    . . .     Gourm    .   (no shield)
rNeg     . . .     Faith    .   n - +0 ring mail (curse)
rPois    .         Spirit   +   (no helmet)
rElec    .         Reflect  .   o - scarf {repulsion}
rCorr    .         Harm     .   (no gloves)
MR       .....                  (no boots)
Stlth    ++........             (no amulet)
HPRegen  0.10/turn              (no ring)
MPRegen  0.10/turn              (no ring)

@: appendage, very slightly contaminated, repel missiles
A: horns 2, nightstalker 1, magic shield
a: End Transformation


You were on level 4 of the Dungeon.
You were hungry.
You had grown temporary horns.
You visited 1 branch of the dungeon, and saw 4 of its levels.

You collected 93 gold pieces.

Inventory:

Hand Weapons
 w - a +2 dagger of electrocution
Missiles
 a - 31 arrows
 i - 29 bolts
 y - 15 poisoned needles
Armour
 b - a +0 robe
 j - a +0 buckler
 n - a cursed +0 ring mail (worn)
 o - a scarf of repulsion (worn)
 t - a +0 plate armour
 x - a +0 scale mail
Jewellery
 c - an uncursed ring of protection from fire {unknown}
Scrolls
 e - 2 scrolls of fear {unknown}
 g - 3 scrolls of identify {unknown}
 h - a scroll of amnesia {unknown}
 k - 2 scrolls of blinking {unknown}
 m - 2 scrolls of remove curse {unknown}
 p - a scroll of random uselessness {unknown}
Potions
 l - 2 potions of lignification {unknown}
 q - 2 potions of haste {unknown}
 r - a potion of degeneration {unknown}
 s - a potion of cancellation {unknown}
 u - a potion of mutation {unknown}
 v - 2 potions of magic {unknown}
Comestibles
 d - 4 rations


   Skills:
 - Level 1.0 Fighting
 + Level 1.8 Armour
 - Level 1.7 Dodging
 - Level 3.2 Unarmed Combat
 - Level 2.0 Spellcasting
 + Level 2.7 Transmutations
 + Level 1.3 Poison Magic


You had one spell level left.
You knew the following spells:

 Your Spells              Type           Power        Failure   Level  Hunger
a - Beastly Appendage     Tmut           #.....       17%         1    ##.....
l - Sticks to Snakes      Tmut           #.......     26%         2    ###....
p - Spider Form           Tmut/Pois      #.........   56%         3    ####...

Your spell library contained the following spells:

 Spells                   Type           Power        Failure   Level  Hunger
 Blade Hands              Tmut           #.........   99%         5    ######.
 Ice Form                 Ice/Tmut       #.......     96%         4    #####..


Dungeon Overview and Level Annotations

Branches:
Dungeon (4/15)
 Temple: D:4-7

Altars:
Trog
Xom


Innate Abilities, Weirdness & Mutations

You are slightly more attuned to the shadows.
When hurt, damage is shared between your health and your magic reserves.
You have a pair of horns on your head.


Message History

You grow a pair of large bovine horns.
Your ball python bites the ogre.
Unknown command.
Your ball python bites the ogre.
Unknown command.
You hit the ogre.
The ogre is heavily wounded.
Your ball python bites the ogre.
The ogre hits your ball python with a giant club!!
Your ball python dies!
The ogre shouts!
Unknown command.
You hit the ogre but do no damage.
The ogre is severely wounded.
The ogre hits you with a giant club!
* * * LOW HITPOINT WARNING * * *
Unknown command.
You hit the ogre but do no damage.
The ogre is severely wounded.
The ogre hits you with a giant club!
You die...

#.###.#.........o....'.........+
#.#.........#....)#..#.........#
#.#.#.......#.....<..#.........#
# #.........####.....#####.....
#.....#'####...#...# #....
#.....#....)...'...# #...####
...#+#.######...##.### #......#
##. #................ #.<....# #
###.(....O@..>#. #.......#
#...#########.. #.......# ..(...
#....#### ...... #..... ......
#...... ....## ...o... $...
#........


You could see an ogre.

Vanquished Creatures
  A howler monkey skeleton (D:4)
  3 adders (D:3)
  4 orcs
  2 bats
  4 goblins
  3 hobgoblins
  A quokka (D:3)
  2 ball pythons
  6 frilled lizards
  4 kobolds
  A rat (D:3)
31 creatures vanquished.

Vanquished Creatures (collateral kills)
  A worker ant (D:4)
1 creature vanquished.

Grand Total: 32 creatures vanquished

Notes
Turn   | Place    | Note
-------+----------+-------------------------------------------
     0 | D:1      | letownia2 the Demonspawn Transmuter began the quest for the Orb.
     0 | D:1      | Reached XP level 1. HP: 15/15 MP: 3/3
    82 | D:2      | Reached skill level 3 in Unarmed Combat
   190 | D:1      | Gained mutation: When hurt, damage is shared between your health and your magic reserves. [demonic ancestry]
   190 | D:1      | Reached XP level 2. HP: 7/21 MP: 1/5
   532 | D:3      | Found a shimmering altar of Xom.
   532 | D:3      | Found a bloodstained altar of Trog.
   560 | D:3      | Reached skill level 1 in Armour
   560 | D:3      | Reached XP level 3. HP: 20/26 MP: 3/6
   564 | D:3      | Learned a level 2 spell: Sticks to Snakes
   568 | D:3      | Learned a level 3 spell: Spider Form
   828 | D:2      | Reached skill level 1 in Poison Magic
   855 | D:3      | Gained mutation: You are slightly more attuned to the shadows. [demonic ancestry]
   855 | D:3      | Reached XP level 4. HP: 16/32 MP: 4/7
   893 | D:4      | Noticed an ogre
   908 | D:4      | Slain by an ogre

Skill      XL: |  1  2  3 |
---------------+----------+-----
Unarmed Combat | 3 |  3.2
Transmutations | 2 |  2.7
Armour         | 1 |  1.8
Poison Magic   | 1 |  1.3
Fighting       | |  1.0
Dodging        | |  1.7
Spellcasting   | |  2.0

Action                   |  1- 3 |  4- 6 || total
-------------------------+-------+-------++-------
Melee: Unarmed           |   108 |     8 ||   116
       Kick              |    16 |       ||    16
       Headbutt          |     4 |     2 ||     6
       Punch             |     1 |       ||     1
Throw: Javelin           |       |     2 ||     2
 Cast: Beastly Appendage |    20 |     2 ||    22
       Sticks to Snakes  |       |     2 ||     2
Armor: Robe              |     4 |       ||     4
       Ring mail         |    33 |     1 ||    34
Dodge: Dodged            |    57 |     4 ||    61
